cohdb
Replays
Latest Replays
All Replays
Popular Replays
Top Player Replays
Match Explorer
How It Works
Community
CoH3 Stats
Reddit
Sign in to upload your games and track your stats! →
Sign in with Steam
Match 43988756
Unlisted
Match 43988756
Overview
Messages
Build Orders
End
Kradschützen Motorcycle Team
Selects Panzerjäger Kommand Battlegroup
Selects Mine Fields
Panzergrenadier Squad
Panzergrenadier Squad
Panzergrenadier Squad
Construct Light Support Kompanie
Selects Tank Busters
Construct Mechanized Kompanie
MG34 Team
2.5-tonne Medical Truck
Selects Defensive Positions
8 Rad Armored Car
Panzerjäger Mechanized Group
Support Armor Elements
StuG III D Assault Gun
18-tonne Recovery Half-track
18-tonne Recovery Half-track
woof_raff
legranduke
Dr Gory
droid
0
0
Comments
sign in to comment!
No comments posted yet!